 Dungeon Crawl Stone Soup version 0.31.0-7-gf635a9b802 (webtiles) character file.

Game seed: 1192356049353465838

439 Arcadio the Ducker (level 7, 0/55 HPs)
             Began as a Human Monk on Jan 23, 2024.
             Was a Believer of the Shining One.
             Slain by Dowan
             ... wielding a +0 dagger
              (2 damage)
             ... on level 4 of the Dungeon.
             The game lasted 00:07:06 (3659 turns).

Arcadio the Ducker (Human Monk)                     Turns: 3659, Time: 00:07:07

Health: 0/55       AC: 13    Str: 11    XL:     7   Next: 1%
Magic:  7/7        EV: 12    Int: 10    God:    the Shining One [**....]
Gold:   164        SH:  0    Dex: 18    Spells: 6/6 levels left

rFire   . . .        i - +1 short sword
rCold   . . .        d - orb {light}
rNeg    + . .        p - +2 ring mail {Will+}
rPois   .            j - +0 helmet
rElec   .            (no cloak)
rCorr   .            e - +0 pair of gloves
SInv    .            (no boots)
Will    +....        (no amulet)
Stlth   +            o - +4 ring of protection
HPRegen 0.29/turn    (no ring)
MPRegen 0.10/turn

%: no passive effects
@: glowing
A: explore regen, talons 1, camouflage 1
a: Renounce Religion, Divine Shield


You were on level 4 of the Dungeon.
You worshipped the Shining One.
The Shining One was pleased with you.
You visited 1 branch of the dungeon, and saw 5 of its levels.

You collected 164 gold pieces.

Inventory:

Hand Weapons
 a - a +0 mace
 g - a +0 dagger
 i - a +1 short sword (weapon)
Armour
 b - a +0 robe
 d - an orb of light (worn)
 e - a +0 pair of gloves (worn)
 j - a +0 helmet (worn)
 p - a +2 ring mail of willpower (worn)
Jewellery
 o - a +4 ring of protection (left hand)
Scrolls
 f - a scroll of fog {unknown}
 h - a scroll of fear {unknown}
 l - a scroll of poison {unknown}
 m - 3 scrolls of teleportation
 q - a scroll of summoning {unknown}
 r - 2 scrolls of enchant weapon
 t - a scroll of amnesia {unknown}
 x - a scroll of vulnerability {unknown}
 y - a scroll of identify {unknown}
Potions
 c - a potion of ambrosia
 k - 2 potions of mutation
 n - a potion of experience {unknown}
 s - a potion of might {unknown}
 u - 2 potions of haste {unknown}
 v - 3 potions of curing {unknown}
 w - a potion of enlightenment {unknown}
 z - a potion of heal wounds {unknown}
 A - 2 potions of resistance {unknown}
 B - a potion of cancellation {unknown}


   Skills:
 + Level 4.7 Fighting
 + Level 4.7 Maces & Flails
 + Level 2.5 Armour
 + Level 4.7 Dodging


You had 6 spell levels left.
You didn't know any spells.
Your spell library contained the following spells:

 Spells                   Type           Power      Damage    Failure   Level
 Freeze                   Ice            0%         1d3       65%         1
 Frozen Ramparts          Ice            0%         1d1       95%         3
 Hailstorm                Conj/Ice       0%         3d5       95%         3


Dungeon Overview and Level Annotations

Branches:
Dungeon (5/15)
 Temple: D:4-7

Altars:
Yredelemnul
The Shining One

Shops:
D:5 (

Annotations:
D:4 Dowan
D:5 Grinder


Innate Abilities, Weirdness & Mutations

You regain HP and MP as you explore.
You have sharp toenails.
Your skin changes colour to match your surroundings (Stealth+).


Message History

Duvessa is heavily wounded.
Duvessa closely misses you.
You hit Duvessa. You claw Duvessa, but do no damage.
Duvessa is severely wounded.
Duvessa closely misses you. Duvessa hits you but does no damage.
You hit Duvessa.
Duvessa is severely wounded.
Duvessa hits you but does no damage.
You hit Duvessa. You claw Duvessa.
Duvessa is almost dead.
Duvessa misses you. Duvessa hits you with a +0 rapier.
You hit Duvessa but do no damage. You claw Duvessa, but do no damage.
Duvessa is almost dead.
Duvessa hits you with a +0 rapier.
You completely miss Duvessa. You claw Duvessa, but do no damage.
Duvessa is almost dead.
Duvessa closely misses you. x2
You hit Duvessa. You claw Duvessa.
You kill Duvessa!
You hear a distant wail of despair.
You have reached level 7!
Dowan seems to find hidden reserves of power!
Dowan hits you but does no damage.
Things that are here:
a +0 rapier; a +0 leather armour You hit Dowan.
Dowan is heavily wounded.
Dowan points at you and mumbles some strange words.
The shard of ice hits you!!
You hit Dowan. You claw Dowan.
Dowan is almost dead.
Dowan gestures at you while chanting. The shard of ice hits you!
* * * LOW HITPOINT WARNING * * *
Dowan hits you with a +0 dagger.
* * * LOW HITPOINT WARNING * * *
You hit Dowan but do no damage. Your kick misses Dowan.
Dowan is almost dead.
Dowan hits you with a +0 dagger.
You die...

# ### ## ###.## ######## .##
### #.#..###...##.#
..########.#
##@e..####...#####
..........## ##......####.#
#.#
.##.######.####......####..#
#.# ###..#
##..#....##.###...###.## #
##.##
##...>.####.#.....#...# ##.#
##..### #.........#.. #.##
##....## #.....##...##
##.####..#...####..........#
#..##..####...##......[...#


You could see Dowan (fast).

Vanquished Creatures
  Duvessa (D:4)
  A weeping skull (D:3)
  A scorpion (D:2)
  A crimson imp (D:4)
  A bombardier beetle (D:4)
  An orc wizard (D:5)
  3 adders
  A white imp (D:5)
  An ufetubus (D:4)
  A dart slug (D:1)
  A ribbon worm (D:3)
  4 orcs
  5 bats
  6 endoplasms
  2 giant cockroaches (D:1)
  4 goblins
  8 hobgoblins
  7 jackals
  7 kobolds
  6 quokkas
  8 ball pythons
  4 frilled lizards
  A goblin skeleton (D:4)
  A goblin zombie (D:4)
  2 hobgoblin zombies (D:4)
  A kobold zombie (D:4)
  2 orc skeletons (D:4)
  An orc zombie (D:4)
  8 rats
  A spectral orc (D:3)
91 creatures vanquished.

Notes
Turn   | Place    | Note
-------+----------+-------------------------------------------
     0 | D:1      | Arcadio the Human Monk began the quest for the Orb.
     0 | D:1      | Reached XP level 1. HP: 18/18 MP: 1/1
    95 | D:1      | Reached XP level 2. HP: 24/24 MP: 2/2
   280 | D:1      | Reached XP level 3. HP: 27/29 MP: 3/3
   834 | D:2      | Reached XP level 4. HP: 37/37 MP: 4/4
   960 | D:2      | Found a faded altar of an unknown god.
  1684 | D:3      | Noticed a scorpion
  1713 | D:2      | Killed a scorpion
  1714 | D:2      | Reached skill level 1 in Armour
  1714 | D:2      | Reached XP level 5. HP: 39/42 MP: 5/5
  1947 | D:3      | Found a basalt altar of Yredelemnul.
  1947 | D:3      | Noticed a weeping skull
  1972 | D:3      | Killed a weeping skull
  2303 | D:4      | Found a glowing golden altar of the Shining One.
  2318 | D:4      | Reached XP level 6. HP: 49/49 MP: 6/6
  2400 | D:4      | Became a worshipper of the Shining One
  2400 | D:4      | Reached * piety under the Shining One
  2400 | D:4      | Reached ** piety under the Shining One
  3361 | D:5      | Entered Level 5 of the Dungeon
  3362 | D:5      | Found Izenit's Antique Weapon Emporium.
  3544 | D:5      | Noticed Grinder
  3629 | D:5      | Noticed Duvessa
  3629 | D:5      | Noticed Dowan
  3640 | D:4      | Gained mutation: Your skin changes colour to match your
                  | surroundings (Stealth+). [potion of mutation]
  3640 | D:4      | Gained mutation: You have sharp toenails. [potion of
                  | mutation]
  3655 | D:4      | Killed Duvessa
  3656 | D:4      | Reached XP level 7. HP: 40/55 MP: 7/7
  3658 | D:4      | HP: 2/55 [Dowan/+0 dagger (2)]
  3659 | D:4      | Slain by Dowan

Illustrated notes

Levels and vault maps discovered:
D:1:      minmay_arrival_split_and_join, layout_basic
D:2:      layout_basic, serial_forest, infiniplex_forest_clump_medium,
          infiniplex_forest_clump_curved, infiniplex_forest_diagonal,
          infiniplex_forest_clump_double, infiniplex_forest_clump_medium,
          infiniplex_forest_straight_2, infiniplex_forest_clump_small,
          hellmonk_ecumenical_altar_lost_god, chequers_big_river
D:3:      layout_rooms, yredelemnul_forgotten_temple_becter
D:4:      layout_layer_cave, nicolae_tso_besieged_by_evil,
          chequers_decorated_corner, skrybe_limestone_x
D:5:      layout_loops_ring, mainiacjoe_overflow_big_doors,
          mainiacjoe_sewer_entry_somewhere_in_here_1, nicolae_stop_n_shop_2,
          grunt_ministairs_2, patterned_corridor, uniq_duvessa, uniq_pikel,
          uniq_grinder

Skill      XL: |  1  2  3  4  5  6 |
---------------+-------------------+-----
Fighting       | 4 |  4.7
Armour         | 1 2 |  2.5
Dodging        | 4 |  4.7
Maces & Flails | 4 |  4.7

Action                     |  1- 3 |  4- 6 |  7- 9 || total
---------------------------+-------+-------+-------++-------
  Melee: Mace              |    46 |       |       ||    46
         Short sword       |    66 |   319 |     3 ||   388
         Kick              |       |    10 |     1 ||    11
    Use: Scroll            |       |     2 |       ||     2
         Potion            |       |     1 |       ||     1
 Armour: Robe              |    48 |    19 |       ||    67
         Ring mail         |       |   137 |     5 ||   142
  Dodge: Dodged            |    95 |   205 |       ||   300
